 Dungeon Crawl Stone Soup version 0.20-a0-850-ge5a7832 (webtiles) character file.

849817 Vedraith the Minotaur Barricade (level 27, 0/271 HPs)
             Began as a Minotaur Fighter on Mar 5, 2017.
             Was the Champion of the Shining One.
             Killed from afar by a hellion (33 damage)
             ... with damnation
             ... on level 7 of Gehenna on Mar 10, 2017.
             The game lasted 05:11:35 (69908 turns).

Vedraith the Minotaur Barricade (Minotaur Fighter) Turns: 69908, Time: 05:11:36

Health: 0/271      AC: 41    Str: 31      XL:     27
Magic:  37/37      EV: 16    Int:  5 (6)  God:    the Shining One [******]
Gold:   7328       SH: 41    Dex: 12      Spells: 26/49 levels left

rFire    + + +     SeeInvis +   u - +9 eudemon blade (holy)
rCold    + + .     Gourm    .   E - +4 gold dragon scales
rNeg     + + +     Faith    .   m - +8 large shield
rPois    +         Spirit   .   S - -2 hat of the Alchemist {rElec rPois rF+ rC+ rN+ MR+ rMut rCorr}
rElec    +         Reflect  +   V - +2 cloak {MR+}
rCorr    +         Harm     .   z - +1 pair of gloves of Light {rF+ rN++}
rMut     +                      Y - +2 pair of boots of the Assassin {Detection Stab+ Stlth++}
MR       ++++.                  x - +5 amulet of reflection
Stlth    ..........             i - +5 ring of slaying
Regen    0.6/turn               b - ring of Neurosis {rF+ SInv Stlth+}
MPRegen  0.3/turn

@: slowed, glowing, studying Unarmed Combat, very slow
A: retaliatory headbutt, hooves 1, horns 2, iridescent scales 1, deterioration 1
}: 7/15 runes: serpentine, barnacled, slimy, silver, iron, bone, abyssal
a: Divine Shield, Cleansing Flame, Summon Divine Warrior, Renounce Religion


You were on level 7 of Gehenna.
You worshipped the Shining One.
The Shining One was exalted by your worship.
You were not hungry.

You visited 15 branches of the dungeon, and saw 75 of its levels.
You visited the Abyss 2 times.
You also visited: Labyrinth, Sewer, Ice Cave and Wizlab.

You collected 9339 gold pieces.
You spent 2011 gold pieces at shops.

Inventory:

Hand Weapons
 u - a +9 eudemon blade of holy wrath (weapon)
Armour
 m - a +8 large shield (worn)
 z - the +1 pair of gloves of Light (worn) {rF+ rN++}
   (Okawaru gifted it to you on level 14 of the Dungeon)

   It protects you from fire.
   It greatly protects you from negative energy.
 E - +4 gold dragon scales (worn)
 S - the -2 hat of the Alchemist (worn) {rElec rPois rF+ rC+ rN+ MR+ rMut rCorr}
   (You found it in a wizard's laboratory)

   It protects you from fire.
   It protects you from cold.
   It insulates you from electricity.
   It protects you from poison.
   It protects you from negative energy.
   It affects your resistance to hostile enchantments.
   It protects you from acid and corrosion.
   It protects you from mutation.
 V - a +2 cloak of magic resistance (worn)
 Y - the +2 pair of boots of the Assassin (worn) {Detection Stab+ Stlth++}
   (You acquired it on level 1 of the Vaults)

   It makes you much more stealthy.
Jewellery
 b - the ring of Neurosis (left hand) {rF+ SInv Stlth+}
   (You bought it in a shop on level 5 of the Vaults)

   [ring of protection from fire]

   It protects you from fire.
   It lets you see invisible.
   It makes you more stealthy.
 i - a +5 ring of slaying (right hand)
 x - a +5 amulet of reflection (around neck)
Wands
 y - a wand of lightning (6/15)
 G - a wand of disintegration (11/24)
 Q - a wand of iceblast (4/15)
 W - a wand of scattershot (3/9)
Scrolls
 k - 8 scrolls of blinking
 l - 21 scrolls of remove curse
 q - 7 scrolls of fear
 s - a scroll of fog
 t - 27 scrolls of teleportation
 B - 7 scrolls of summoning
 H - 10 scrolls of identify
 P - 6 scrolls of magic mapping
 T - a scroll of recharging
Potions
 d - 2 potions of heal wounds
 g - 6 potions of berserk rage
 j - 4 potions of cancellation
 n - 9 potions of flight
 p - 24 potions of curing
 r - 8 potions of might
 v - a potion of agility
 w - 15 potions of mutation
 J - 7 potions of haste
 X - 4 potions of brilliance
Books
 e - a book of Conjurations

   Spells                             Type                      Level
   a - Magic Dart                     Conjuration                  1
   b - Searing Ray                    Conjuration                  2
   c - Dazzling Spray                 Conjuration/Hexes            3
   d - Fulminant Prism                Conjuration/Hexes            4
   e - Force Lance                    Conjuration/Translocation    4
   f - Iskenderun's Mystic Blast      Conjuration                  4
 h - the Grimoire of Arcane Weapons
   (You found it on level 7 of the Iron City of Dis)

   Spells                             Type                      Level
   a - Flame Tongue                   Conjuration/Fire             1
   b - Sting                          Conjuration/Poison           1
   c - Stone Arrow                    Conjuration/Earth            3
   d - Bolt of Cold                   Conjuration/Ice              6
   e - Bolt of Fire                   Conjuration/Fire             6
 K - a manual of Unarmed Combat
Miscellaneous
 o - a lamp of fire
 A - a phantom mirror
 M - 4 boxes of beasts
 N - a phial of floods
Comestibles
 a - 3 royal jellies
 f - 11 bread rations
 D - 23 meat rations
 F - 25 fruits


   Skills:
 + Level 26.9 Fighting
 + Level 18.1 Long Blades
 - Level 25.1 Armour
 + Level 18.0 Dodging
 O Level 27 Shields
 - Level 11.5 Spellcasting
 * Level 12.3 Conjurations
 - Level 14.6 Summonings
 + Level 5.5 Translocations
 - Level 11.1 Invocations
 - Level 7.3 Evocations


You had 26 spell levels left.
You knew the following spells:

 Your Spells              Type           Power        Failure   Level  Hunger
a - Apportation           Tloc           #.....       12%         1    None
b - Blink                 Tloc           N/A          17%         2    ##.....
c - Passage of Golubria   Tloc           N/A          93%         4    ####...
d - Passwall              Tmut/Erth      #.........   98%         2    ##.....
e - Aura of Abjuration    Summ           ###.......   8%          5    ######.
f - Orb of Destruction    Conj           ###.......   100%        7    #######
g - Song of Slaying       Chrm           #.......     98%         2    ##.....


Dungeon Overview and Level Annotations

Branches:
Dungeon (15/15)            Temple (1/1) D:7            Lair (6/6) D:9
 Shoals (4/4) Lair:2        Snake (4/4) Lair:2        Slime (5/5) Lair:5
    Orc (2/2) D:10            Elf (3/3) Orc:2        Vaults (5/5) D:13
  Crypt (3/3) Vaults:2       Tomb (0/3) Crypt:3      Depths (5/5) D:15
   Hell (1/1)                 Dis (7/7) Hell            Geh (7/7) Hell
    Coc (0/7) Hell            Tar (7/7) Hell            Zot (0/5) Depths:5

Altars:
Ashenzari
Kikubaaqudgha
Makhleb
Nemelex Xobeh
Okawaru
Qazlal
Ru
Uskayaw
Wu Jian
Xom
Zin
The Shining One
Beogh
Jiyva
Lugonu

Shops:
D:13 }   D:14 (   Orc:2 (:*[%   Elf:1 (   Shoals:2 [!=!   Vaults:2 *
Vaults:5 *==   Depths:4 *   Depths:5 :

Portals:
Hell: Depths:1 Depths:2 Depths:3 Depths:4 Depths:5
Abyss: Depths:3 Depths:4
Pandemonium: Depths:3 Depths:4
Ziggurat: Depths:1

Annotations:
Lair:4 exclusion: 3 oklob plants


Innate Abilities, Weirdness & Mutations

You reflexively headbutt those who attack you in melee.
You have a pair of horns on your head.
You have large cloven feet.
You are partially covered in iridescent scales. (AC +2)
Your body sometimes deteriorates upon taking damage.


Message History

A hellion comes into view.
You are too injured to fight recklessly!
You are too injured to fight recklessly!
You are too injured to fight recklessly!
Unknown command.
The hellion gives a hideous shriek!
The hellion gestures at you.
The sphere of damnation explodes!
The damnation engulfs you!
* * * LOW HITPOINT WARNING * * *
The hellion gestures at you.
The sphere of damnation explodes!
The damnation engulfs you!
* * * LOW HITPOINT WARNING * * *
Your body deteriorates!
You feel dopey.
Things that are here:
a dire flail of freezing; a robe You block the hellion's attack.
You feel much better. You block the hellion's attack.
The hellion gestures at you.
The sphere of damnation explodes!
The damnation engulfs you!
You die...

......††............#....≈≈≈§....
....................#,....≈≈§≈§..
....................#,,..§§§≈§...
#####################,,..≈§≈≈≈≈..
...............#....#,,,.§§≈≈§≈≈.
...............#....#,,,,≈§≈≈§§≈.
...............+.)..#,,,≈≈≈≈§≈≈..
###............#)...#,,,≈≈≈≈≈≈§≈.
,,#............#@.).#,,,≈§≈≈§≈≈≈.
,,##############2)).#,,,≈≈§≈§§≈§.
,,#............')...#,,,≈≈≈≈§§≈.§
,,#............#....#,,,,≈≈≈≈≈≈≈≈
,,#'#################,,,,≈§≈≈≈≈≈.
*+*,,,,{{{,,,,,,*,,,{,,,,,§§§≈≈§.
+,*,,,{,,,,,,,,,*,,,{,,,,.§≈≈≈§≈.
*,*,,,,,,,,,,,,,*,,≈≈,,,.≈§§§§≈§.
*,*************+*,≈≈≈,,,≈≈§§≈§§..


You could see a hellion.

Vanquished Creatures
  Dissolution (Slime:2)
  the Royal Jelly (Slime:5)
  Ereshkigal (Tar:7)
  Dispater (Dis:7)
  4 ancient liches
  The ghost of Laphicet the Crack Shot, a legendary FoFi of Cheibriados (Geh:7)
  Bai Suzhen (Elf:3)
  Margery (Vaults:3)
  Geryon (Hell)
  Xtahua (Crypt:2)
  Saint Roka (Elf:3)
  3 profane servitors
  Jory (Vaults:3)
  5 bone dragons
  A mutant beast (WizLab)
  2 golden dragons
  2 doom hounds (Tar:5)
  9 Tzitzimimeh
  7 iron giants (Dis:7)
  Jorgrun (Vaults:3)
  11 Brimstone Fiends
  4 tentacled monstrosities
  7 Hell Sentinels (Dis:7)
  2 Ice Fiends (Dis:7)
  11 liches
  2 deep elf master archers
  17 titans
  Asterion (Elf:3)
  5 deep elf blademasters
  2 krakens
  2 quicksilver dragons
  15 acid blobs
  Polyphemus (Shoals:2)
  2 eldritch tentacles
  5 tentacled starspawn
  5 sphinxes
  An Executioner (Dis:7)
  17 ancient champions
  11 tengu reavers
  6 shadow dragons
  2 storm dragons
  9 nagarajas
  A sphinx (shapeshifter) (Vaults:5)
  10 azure jellies
  Ilsuiw (Shoals:4)
  19 frost giants
  3 revenants
  2 daevas
  2 draconian scorchers (Geh:2)
  20 deep elf sorcerers
  3 orc warlords
  Louise (Shoals:1)
  5 cacodemons (Dis:7)
  17 fire giants
  17 vault wardens
  7 balrugs
  5 iron dragons
  A curse skull (Crypt:1)
  A draconian shifter (Depths:5)
  2 draconian knights
  Aizul (Snake:2)
  4 deep elf elementalists (Elf:3)
  6 ghouls
  43 reapers
  4 spriggan defenders (Depths:4)
  20 ironheart preservers
  A caustic shrike skeleton (Crypt:2)
  15 very ugly things
  6 vampire knights
  6 war gargoyles
  23 stone giants
  A lorocyproca (Dis:7)
  2 grey draconians (Depths:5)
  2 green draconians (Depths:5)
  9 deep elf demonologists
  A white draconian (Abyss:3)
  2 yellow draconians
  3 red draconians
  7 spark wasps
  4 purple draconians
  8 deep elf annihilators
  7 merfolk javelineers (Shoals:4)
  6 death oozes (Slime:5)
  A minotaur (Lab)
  2 eidola
  4 quicksilver dragon zombies
  14 ettins
  6 deep elf death magi
  3 crystal guardians (Crypt:3)
  4 blizzard demons
  5 merfolk impalers
  13 great orbs of eyes
  8 fire dragons
  A kraken zombie (Hell)
  15 ice dragons
  6 jiangshi
  5 deep elf high priests
  30 vault guards
  8 yaktaur captains
  8 hydras
  Harold (Lair:2)
  23 naga warriors
  6 spriggan air magi
  3 rakshasas
  2 alligator snapping turtles
  An anaconda (shapeshifter) (Vaults:5)
  A monstrous demonspawn (Depths:3)
  Erica (D:8)
  5 merfolk avatars
  8 centaur warriors
  2 catoblepae
  8 anacondas
  A ghost crab (Tar:1)
  30 ogre magi
  90 two-headed ogres
  39 dancing weapons
  8 deep troll shamans
  5 merfolk aquamancers
  A satyr (Shoals:3)
  5 death knights
  2 tengu warriors
  2 orc high priests
  17 hell hogs
  9 death yaks
  5 vampire magi
  9 naga sharpshooters
  2 titan zombies
  11 deep troll earth magi
  8 thrashing horrors
  5 spriggan berserkers
  6 shock serpents
  Urug (Orc:2)
  8 hell knights
  A shock serpent (shapeshifter) (WizLab)
  7 soul eaters
  32 small abominations
  2 storm dragon zombies
  36 deep elf knights
  24 iron trolls
  3 salamander mystics (Snake:4)
  6 sun demons
  2 titan skeletons
  6 wretched stars
  A fire crab (shapeshifter) (WizLab)
  An iron golem (WizLab)
  5 shadow wraiths
  2 unseen horrors (shapeshifter) (WizLab)
  102 skeletal warriors
  11 anaconda zombies
  2 spatial maelstroms
  A deep troll (shapeshifter) (Vaults:2)
  A storm dragon skeleton (Hell)
  11 flayed ghosts
  2 unseen horrors
  A sixfirhy (Depths:3)
  20 sea snakes
  13 glowing orange brains
  29 deep trolls
  A torturous demonspawn (Depths:4)
  A swamp dragon (shapeshifter) (WizLab)
  An entropy weaver zombie (Crypt:1)
  3 swamp dragons (Depths:5)
  24 deep elf archers
  4 shadow demons
  An iron giant skeleton (Crypt:1)
  A lindwurm (shapeshifter) (Vaults:5)
  2 wizards
  2 golden dragon skeletons
  17 phantasmal warriors
  8 naga ritualists
  4 anaconda skeletons
  15 necromancers
  2 tengu zombies
  20 ironbrand convokers
  18 orc knights
  4 frost giant zombies
  4 shadow dragon zombies
  4 mana vipers
  A harpy (shapeshifter) (Abyss:3)
  A lindwurm (Lair:6)
  An orb spider (shapeshifter) (WizLab)
  A mana viper (shapeshifter) (Vaults:1)
  112 deep elf magi
  4 wolf spider zombies
  9 salamanders
  19 harpies
  6 fire giant zombies
  4 stone giant zombies
  6 wolf spiders
  4 fauns (Shoals:3)
  9 orc sorcerers
  3 oklob plants (Lair:5)
  2 shadow dragon skeletons
  6 shining eyes
  14 manticores
  A faun (shapeshifter) (WizLab)
  A sphinx skeleton (Depths:1)
  6 iron dragon zombies
  2 worldbinders (Abyss:3)
  9 cyclopes
  45 ugly things
  5 iron dragon skeletons
  19 rust devils
  4 frost giant skeletons
  3 apocalypse crabs
  34 black mambas
  A centaur zombie (D:12)
  2 spriggan zombies
  2 shock serpent zombies
  2 ice statues
  25 naga magi
  7 stone giant skeletons
  8 guardian serpents
  2 fire giant skeletons
  12 merfolk sirens
  2 torpor snails (shapeshifter)
  A shock serpent skeleton (Geh:7)
  5 dire elephant zombies
  9 elephants
  2 guardian serpents (shapeshifter) (WizLab)
  11 vault sentinels
  2 water nymphs (Shoals:1)
  21 eyes of devastation
  2 torpor snails
  15 smoke demons
  7 spiny frogs
  4 gargoyles
  19 molten gargoyles
  A spiny frog (shapeshifter) (WizLab)
  17 hellions
  5 spectral swamp worms (Depths:3)
  An emperor scorpion zombie (Dis:1)
  An orange demon (Abyss:3)
  3 catoblepas zombies
  2 dire elephant skeletons
  27 freezing wraiths
  A yaktaur zombie (Depths:1)
  A rime drake (Lair:3)
  2 efreet (Geh:2)
  40 yaktaurs
  3 kobold demonologists
  2 rime drakes (shapeshifter) (WizLab)
  28 tormentors
  16 ice devils
  A yaktaur (shapeshifter) (WizLab)
  3 anaconda simulacra (IceCv)
  13 red devils
  A golden dragon simulacrum (IceCv)
  5 komodo dragons
  2 hellwings
  13 ancient zymes
  A purple draconian skeleton (Crypt:1)
  3 tengu conjurers
  3 jumping spiders (shapeshifter)
  2 queen bees (shapeshifter)
  4 hydra zombies
  A queen bee (Lair:2)
  32 merfolk
  6 wind drakes
  5 harpy zombies
  20 trolls
  A silent spectre (Abyss:3)
  A meliai (shapeshifter) (Elf:1)
  A troll (shapeshifter) (WizLab)
  A hornet (shapeshifter) (WizLab)
  A wind drake (shapeshifter) (WizLab)
  A wolf spider simulacrum (IceCv)
  A moth of wrath zombie (Crypt:1)
  A polar bear (Lair:3)
  A raiju (shapeshifter) (WizLab)
  A harpy skeleton (Geh:7)
  95 slime creatures
  8 blink frogs
  9 hornets
  4 blink frogs (shapeshifter)
  A dream sheep (shapeshifter) (WizLab)
  A bog body (Crypt:2)
  2 ettin zombies
  7 fire dragon zombies
  2 alligator zombies
  An ice dragon zombie (Geh:7)
  4 hippogriffs (shapeshifter)
  14 raiju
  15 dream sheep
  11 hippogriffs
  A stone giant simulacrum (Crypt:1)
  2 black mamba zombies
  4 snapping turtles
  A meliai zombie (D:12)
  105 flying skulls
  7 ynoxinuls
  4 hydra skeletons
  2 redbacks (shapeshifter)
  A tarantella (shapeshifter) (Vaults:4)
  9 air elementals
  3 spriggans (shapeshifter)
  6 spriggans
  21 shadows
  2 spriggan skeletons
  2 alligator skeletons
  27 water elementals
  7 wyverns
  26 wraiths
  3 ice dragon skeletons
  39 yaks
  3 ettin skeletons
  2 vampires
  A black mamba skeleton (Geh:1)
  23 large abominations
  23 fire elementals
  A golden eye (shapeshifter) (WizLab)
  A dire elephant simulacrum (IceCv)
  4 basilisks
  3 hungry ghosts
  3 fire bats (Abyss:1)
  19 golden eyes
  A basilisk (shapeshifter) (WizLab)
  2 chaos spawn
  A human (WizLab)
  2 death yak simulacra (IceCv)
  4 fire dragon skeletons
  3 vampire mosquitoes
  4 neqoxecs
  A swamp worm (shapeshifter) (WizLab)
  A gelid demonspawn zombie (Crypt:2)
  73 nagas
  3 spatial vortices
  4 wargs
  A deep troll zombie (Vaults:3)
  3 spiny frog zombies
  6 acid dragons
  An iron troll simulacrum (IceCv)
  2 harpy simulacra (IceCv)
  7 porcupines
  8 hydra simulacra
  A merfolk skeleton (Crypt:1)
  A floating eye (shapeshifter) (Depths:3)
  5 water moccasins
  49 hell hounds
  A swamp drake (Orc:2)
  An ice beast (shapeshifter) (Elf:2)
  7 phantoms
  6 floating eyes
  4 ice beasts
  2 alligator simulacra
  2 ettin simulacra
  52 orc warriors
  2 snapping turtle zombies
  A black bear (shapeshifter) (WizLab)
  61 ogres
  5 sky beasts
  2 black bears (Lair:6)
  6 eyes of draining
  4 boggarts (Depths:4)
  An eye of draining (shapeshifter) (WizLab)
  17 necrophages
  A tengu (shapeshifter) (WizLab)
  13 centaurs
  A snapping turtle skeleton (Crypt:3)
  A manticore zombie (Abyss:3)
  5 wolves (Lair:6)
  A lindwurm skeleton (Crypt:1)
  13 crocodiles
  An elf zombie (Tar:7)
  4 big kobolds
  12 bullfrogs
  A gnoll sergeant (D:8)
  An elf skeleton (Geh:7)
  A wyvern zombie (D:14)
  5 earth elementals (Elf:3)
  3 scorpions
  3 wyvern skeletons
  3 human simulacra
  18 killer bees
  4 vampire bats (Lair:3)
  40 wights
  An electric eel (Lair:2)
  6 howler monkeys
  A troll skeleton (Tar:6)
  11 crimson imps
  47 starcursed masses
  3 quasits
  2 draconian simulacra (IceCv)
  A wolf skeleton (Crypt:1)
  7 jellies
  27 orc wizards
  A gnoll shaman (D:9)
  23 orc priests
  6 centaur skeletons
  2 hounds
  26 iron imps
  3 bullfrog skeletons
  Jessica (D:2)
  Natasha (thrice) (D:2)
  6 iguanas
  15 worker ants
  2 spriggan simulacra (IceCv)
  A troll simulacrum (IceCv)
  A polar bear simulacrum (IceCv)
  A porcupine skeleton (Crypt:2)
  A killer bee zombie (D:9)
  3 centaur simulacra (IceCv)
  2 naga zombies
  2 wolf simulacra (IceCv)
  A deep dwarf skeleton (Crypt:2)
  A hound zombie (D:11)
  4 hound skeletons
  2 mummies
  2 worker ant zombies (D:3)
  9 gnolls
  2 howler monkey skeletons
  An adder (shapeshifter) (WizLab)
  14 adders
  3 naga simulacra (IceCv)
  2 ogre simulacra (IceCv)
  8 shadow imps
  12 white imps
  12 ufetubi
  18 oozes
  3 adder zombies
  4 adder skeletons
  6 worms
  2 dart slugs
  10 leopard geckos
  112 orcs
  13 bats
  4 giant cockroaches
  4 goblins
  5 hobgoblins
  25 jackals
  3 quokkas
  3 ball pythons
  A ball python skeleton (D:3)
  A ball python zombie (Crypt:2)
  6 frilled lizards
  A jackal zombie (D:3)
  22 kobolds
  A leopard gecko skeleton (D:3)
  A quokka skeleton (D:8)
  A quokka zombie (D:9)
  5 rats
  A fire vortex (Geh:7)
  A plant (D:14)
  9 starspawn tentacles
  10 tentacles
3730 creatures vanquished.

Vanquished Creatures (collateral kills)
  the Serpent of Hell (Dis:7)
  A Tzitzimitl (Tar:7)
  A tentacled starspawn (Abyss:1)
  A shadow dragon (Tar:7)
  A reaper (Dis:7)
  A hell beast (Dis:7)
  A sun demon (Abyss:1)
  A skeletal warrior (Tar:7)
  A frost giant zombie (Dis:7)
  A tormentor (Dis:7)
  4 shadows (Tar:7)
14 creatures vanquished.

Vanquished Creatures (others)
  2 deep elf master archers
  A fire giant (Vaults:5)
  A frost giant (D:10)
  5 stone giants
  A reaper (Tar:7)
  A lorocyproca (Depths:3)
  3 merfolk javelineers (Shoals:4)
  6 yaktaur captains
  A centaur warrior (Shoals:3)
  A satyr (Shoals:3)
  6 naga sharpshooters
  A sixfirhy (Abyss:1)
  A storm dragon skeleton (Geh:7)
  5 deep elf archers
  5 deep elf magi
  A harpy (Shoals:3)
  3 cyclopes
  A black mamba (Snake:3)
  An emperor scorpion zombie (Geh:7)
  18 yaktaurs
  An ancient zyme (Abyss:1)
  6 flying skulls (Crypt:3)
  2 large abominations (Abyss:1)
  A hungry ghost (Abyss:1)
  An acid dragon (shapeshifter) (Vaults:5)
  A naga (Snake:4)
  2 hell hounds (Dis:7)
  A sky beast (Abyss:3)
  A snapping turtle zombie (Geh:7)
  A swamp dragon zombie (Geh:7)
  13 centaurs
  An ogre (Depths:1)
  A boggart (Depths:4)
  6 small abominations (Abyss:1)
  2 orc wizards (Vaults:5)
  An orc priest (Orc:2)
  An iron imp (Dis:7)
  A tengu zombie (Geh:7)
  A white imp (IceCv)
  2 ufetubi
  2 orcs
  3 kobolds
  9 fungi (D:6)
  3 lurking horrors (Abyss:1)
  8 plants
  7 starspawn tentacles
  27 tentacles
169 creatures vanquished.

Grand Total: 3913 creatures vanquished

Notes
Turn   | Place    | Note
-------+----------+-------------------------------------------
     0 | D:1      | Vedraith the Minotaur Fighter began the quest for the Orb.
     0 | D:1      | Reached XP level 1. HP: 19/19 MP: 0/0
   311 | D:1      | Reached XP level 2. HP: 23/26 MP: 1/1
   545 | D:1      | You fall through a shaft!
   622 | D:2      | Noticed Jessica
   631 | D:2      | Killed Jessica
   631 | D:2      | Reached XP level 3. HP: 23/31 MP: 2/2
  1037 | D:2      | Noticed Natasha
  1039 | D:2      | Reached skill level 5 in Long Blades
  1043 | D:2      | Killed Natasha
  1043 | D:2      | Reached XP level 4. HP: 28/39 MP: 3/3
  1173 | D:2      | Noticed Natasha
  1179 | D:2      | Killed Natasha
  1327 | D:2      | Reached XP level 5. HP: 40/45 MP: 4/4
  1348 | D:2      | Noticed Natasha
  1352 | D:2      | Killed Natasha
  2249 | D:3      | Found a glowing drain.
  2253 | D:3      | Reached XP level 6. HP: 49/51 MP: 5/5
  2262 | Sewer    | Entered a sewer
  3084 | D:3      | You fall through a shaft for 2 floors!
  3084 | D:5      | Entered Level 5 of the Dungeon
  3421 | D:5      | Reached XP level 7. HP: 50/57 MP: 6/6
  3633 | D:4      | Reached skill level 10 in Long Blades
  4050 | D:3      | You fall through a shaft for 2 floors!
  4305 | D:6      | Reached XP level 8. HP: 64/64 MP: 7/7
  4500 | D:6      | Reached skill level 4 in Shields
  4755 | D:6      | Reached skill level 5 in Shields
  4788 | D:6      | Noticed a slime creature
  4805 | D:6      | Killed a slime creature
  4805 | D:6      | Reached skill level 5 in Armour
  5103 | D:7      | Reached skill level 5 in Fighting
  5148 | D:7      | Found a hide-covered altar of Uskayaw.
  5159 | D:7      | Reached skill level 6 in Shields
  5403 | D:7      | Found a staircase to the Ecumenical Temple.
  5417 | Temple   | Entered the Ecumenical Temple
  5448 | Temple   | Became a worshipper of Warmaster Okawaru
  5544 | D:7      | Reached XP level 9. HP: 64/74 MP: 8/8
  5626 | D:8      | Noticed Erica
  5635 | D:8      | Killed Erica
  5635 | D:8      | Reached skill level 7 in Shields
  6074 | D:8      | Reached * piety under Okawaru
  6074 | D:8      | Reached skill level 8 in Shields
  6268 | D:8      | Reached skill level 1 in Invocations
  6283 | D:8      | Noticed a two-headed ogre
  6291 | D:8      | Killed a two-headed ogre
  6291 | D:8      | Reached XP level 10. HP: 67/86 MP: 6/10
  6558 | D:9      | Reached ** piety under Okawaru
  6558 | D:9      | Reached skill level 9 in Shields
  6909 | D:9      | Found a staircase to the Lair.
  7104 | Lair:1   | Entered Level 1 of the Lair of Beasts
  7195 | Lair:1   | Found a labyrinth entrance.
  7248 | Lab      | Entered a labyrinth
  8982 | Lab      | Noticed a minotaur
  8988 | Lab      | Killed a minotaur
  8997 | Lab      | Got a polished scale mail
  9000 | Lair:1   | Identified the +4 scale mail of Zidith {Dex+2} (You found it in a labyrinth)
  9182 | Lair:1   | Reached *** piety under Okawaru
  9740 | Lair:1   | Reached skill level 10 in Shields
  9754 | Lair:2   | Noticed a spiny frog
  9761 | Lair:2   | Killed a spiny frog
  9762 | Lair:2   | Noticed Harold
 10270 | Lair:2   | Reached **** piety under Okawaru
 10270 | Lair:2   | Reached XP level 11. HP: 89/94 MP: 13/13
 10334 | Lair:2   | Found a staircase to the Snake Pit.
 10453 | Lair:2   | Killed Harold
 10453 | Lair:2   | Reached skill level 11 in Shields
 10838 | Lair:2   | Found a staircase to the Shoals.
 11268 | Lair:3   | Reached ***** piety under Okawaru
 11654 | Lair:3   | Reached skill level 12 in Shields
 12015 | Lair:4   | Noticed a five-headed hydra
 12033 | Lair:4   | Killed a one-headed hydra
 12033 | Lair:4   | Received a gift from Okawaru
 12157 | Lair:4   | Noticed a death yak
 12158 | Lair:4   | Noticed a death yak
 12175 | Lair:4   | Killed a death yak
 12175 | Lair:4   | Reached XP level 12. HP: 50/106 MP: 12/14
 12183 | Lair:4   | Killed a death yak
 12183 | Lair:4   | Reached skill level 13 in Shields
 12473 | Lair:4   | Reached skill level 10 in Armour
 12475 | Lair:4   | Reached skill level 10 in Fighting
 12930 | Lair:5   | Noticed an eight-headed hydra
 12937 | Lair:4   | Killed a five-headed hydra
 12963 | Lair:5   | Reached ****** piety under Okawaru
 13283 | Lair:5   | Reached skill level 14 in Shields
 13658 | D:10     | Entered Level 10 of the Dungeon
 13667 | D:10     | Found a staircase to the Orcish Mines.
 13956 | D:10     | Received a gift from Okawaru
 14506 | D:11     | Found a stormy altar of Qazlal.
 14638 | D:11     | Noticed a two-headed ogre
 14645 | D:11     | Killed a two-headed ogre
 14763 | D:11     | Noticed a four-headed hydra
 14769 | D:11     | Killed a one-headed hydra
 14769 | D:11     | Reached XP level 13. HP: 107/116 MP: 15/15
 15761 | D:12     | Reached skill level 15 in Shields
 15904 | D:12     | Reached skill level 15 in Long Blades
 16496 | D:13     | Found a gate to the Vaults.
 16527 | D:13     | Received a gift from Okawaru
 16755 | D:13     | Reached skill level 16 in Shields
 17245 | D:13     | Found Xoej's Gadget Shoppe.
 17595 | D:14     | Received a gift from Okawaru
 17605 | D:14     | Got a pair of slimy gloves {god gift}
 17616 | D:14     | Identified the +1 pair of gloves of Light {rF+ rN++} (Okawaru gifted it to you on level 14 of the Dungeon)
 17639 | D:14     | Found Hirgh's Antique Weapon Emporium.
 17697 | D:14     | Reached XP level 14. HP: 112/127 MP: 11/16
 18203 | D:14     | Reached skill level 5 in Invocations
 18298 | D:14     | Found a sparkling altar of Nemelex Xobeh.
 18589 | Orc:1    | Entered Level 1 of the Orcish Mines
 18612 | Orc:1    | Reached skill level 17 in Shields
 18802 | Orc:2    | Entered Level 2 of the Orcish Mines
 18814 | Orc:2    | Found Vohor's Food Emporium.
 19106 | Orc:1    | Found a roughly hewn altar of Beogh.
 19384 | Orc:2    | Found a staircase to the Elven Halls.
 19421 | Orc:2    | Noticed Urug
 19436 | Orc:2    | Killed Urug
 19455 | Orc:2    | Noticed an orc warlord
 19481 | Orc:2    | Killed an orc warlord
 19481 | Orc:2    | Received a gift from Okawaru
 19489 | Orc:2    | Got a pitted falchion {god gift}
 19490 | Orc:2    | Identified the +11 falchion of Okawaru's Supremacy {freeze, MR- Int+6} (Okawaru gifted it to you on level 2 of the Orcish Mines)
 19507 | Orc:2    | Found a roughly hewn altar of Beogh.
 19895 | Orc:2    | Found Tewnuv's Book Emporium.
 19950 | Orc:2    | Found Orchonk's Antique Armour Emporium.
 19965 | Orc:2    | Found Senifo's General Store.
 20153 | Orc:2    | Found Lath's Antique Weapon Emporium.
 20207 | Orc:2    | Gained mutation: You are dopey. (Int -2) [a neqoxec]
 20413 | Orc:2    | Got an encrusted hat
 20415 | Orc:2    | Got a brightly glowing hat
 20435 | Orc:2    | Identified the cursed -5 hat "Ecloxuja" {rF++ rC- rCorr SInv} (You found it on level 2 of the Orcish Mines)
 20437 | Orc:2    | Identified the +0 hat of Wisdom {rN+} (You found it on level 2 of the Orcish Mines)
 20489 | Orc:2    | Lost mutation: You are dopey. (Int -2) [potion of mutation]
 20489 | Orc:2    | Gained mutation: You are agile. (Dex +2) [potion of mutation]
 20489 | Orc:2    | Gained mutation: Your flesh is cold resistant. (rC+) [potion of mutation]
 20489 | Orc:2    | Gained mutation: You are robust. (+10% HP) [potion of mutation]
 20489 | Orc:2    | Gained mutation: You are partially covered in large bone plates. (SH +4) [potion of mutation]
 20770 | Lair:6   | Entered Level 6 of the Lair of Beasts
 21113 | Lair:6   | Received a gift from Okawaru
 21277 | Lair:6   | Reached skill level 18 in Shields
 21281 | Lair:6   | Reached XP level 15. HP: 121/149 MP: 19/19
 21937 | D:15     | Entered Level 15 of the Dungeon
 22000 | D:15     | Got a slimy chain mail
 22001 | D:15     | Identified the +6 chain mail "Inlus" {rF+ Dex+2} (You found it on level 15 of the Dungeon)
 22429 | D:15     | Found a staircase to the Depths.
 22749 | Snake:1  | Entered Level 1 of the Snake Pit
 23064 | Snake:1  | Found a frozen archway.
 23068 | IceCv    | Entered an ice cave
 23249 | IceCv    | Received a gift from Okawaru
 23252 | IceCv    | Got a bloodstained quick blade {god gift}
 25024 | Snake:1  | Upgraded the game from 0.20-a0-823-gdec668e to 0.20-a0-830-g2c9a30d
 25177 | Shoals:1 | Entered Level 1 of the Shoals
 25249 | Shoals:1 | Reached skill level 19 in Shields
 25253 | Shoals:1 | Noticed Louise
 25275 | Shoals:1 | Killed Louise
 25312 | Shoals:1 | Received a gift from Okawaru
 25504 | Shoals:1 | Noticed a kraken
 25535 | Shoals:1 | Killed a kraken
 25966 | Shoals:2 | Noticed Polyphemus
 25993 | Shoals:2 | Killed Polyphemus
 26122 | Shoals:2 | Found Wuxtuzymaz's Jewellery Shoppe.
 26138 | Shoals:2 | Bought an uncursed ring of resist corrosion for 280 gold pieces
 26144 | Shoals:2 | Found Uturatak's Distillery.
 26151 | Shoals:2 | Found Ywaadegi's Antique Armour Shoppe.
 26157 | Shoals:2 | Reached XP level 16. HP: 157/161 MP: 21/21
 26203 | Shoals:2 | Bought a pair of shimmering boots for 294 gold pieces
 26214 | Shoals:2 | Bought a potion of heal wounds for 55 gold pieces
 26214 | Shoals:2 | Bought a potion of heal wounds for 55 gold pieces
 26214 | Shoals:2 | Bought a potion of haste for 110 gold pieces
 26214 | Shoals:2 | Bought a potion of haste for 110 gold pieces
 26214 | Shoals:2 | Bought a potion of invisibility for 88 gold pieces
 26214 | Shoals:2 | Bought a potion of curing for 33 gold pieces
 26214 | Shoals:2 | Bought a potion of curing for 33 gold pieces
 26214 | Shoals:2 | Bought a potion of might for 44 gold pieces
 26225 | Shoals:2 | Identified the cursed +0 pair of boots of the Dropbear {*Contam rPois Slay+2 Stlth+} (You bought it in a shop on level 2 of the Shoals)
 26399 | Shoals:2 | Found Heroill's Distillery.
 26639 | Shoals:3 | Reached skill level 15 in Fighting
 26982 | Shoals:2 | Reached skill level 20 in Shields
 27353 | Shoals:2 | Upgraded the game from 0.20-a0-830-g2c9a30d to 0.20-a0-839-gdaf5c57
 27619 | Snake:2  | Reached skill level 15 in Armour
 27703 | Snake:2  | Received a gift from Okawaru
 27889 | Snake:2  | You fall through a shaft!
 27949 | Snake:3  | Reached skill level 1 in Evocations
 28304 | Snake:3  | Received a gift from Okawaru
 29139 | Snake:2  | Reached skill level 21 in Shields
 29415 | Snake:2  | Noticed Aizul
 29431 | Snake:2  | Killed Aizul
 29705 | Snake:2  | Reached XP level 17. HP: 149/173 MP: 22/22
 29850 | Snake:4  | Entered Level 4 of the Snake Pit
 30289 | Snake:4  | Received a gift from Okawaru
 30732 | Snake:4  | Reached skill level 5 in Evocations
 30775 | Snake:4  | Received a gift from Okawaru
 30797 | Snake:4  | Reached skill level 22 in Shields
 30940 | Snake:4  | Got a serpentine rune of Zot
 31520 | Shoals:3 | Received a gift from Okawaru
 31699 | Shoals:3 | Reached XP level 18. HP: 166/184 MP: 23/23
 32141 | Shoals:4 | Entered Level 4 of the Shoals
 32146 | Shoals:4 | Noticed Ilsuiw
 32196 | Shoals:4 | Killed Ilsuiw
 32383 | Shoals:4 | Received a gift from Okawaru
 32674 | Shoals:4 | Got a barnacled rune of Zot
 32926 | Shoals:4 | Reached skill level 23 in Shields
 33294 | Shoals:4 | Got a pair of warped gloves
 33295 | Shoals:4 | Identified the cursed +0 pair of gloves of Soymna {Str+6 Int+6 Slay-4} (You found it on level 4 of the Shoals)
 33613 | Elf:1    | Entered Level 1 of the Elven Halls
 33938 | Elf:1    | Identified Ajimext's Collected Works on the Escort
 34087 | Elf:1    | Received a gift from Okawaru
 34361 | Elf:1    | Found Apezuorch's Weapon Boutique.
 34503 | Elf:1    | Reached XP level 19. HP: 195/195 MP: 24/24
 35248 | Elf:2    | Reached skill level 24 in Shields
 35549 | Elf:2    | Found a huge runed gate.
 35549 | Elf:2    | Found a huge runed gate.
 35549 | Elf:2    | Found a huge runed gate.
 35550 | Elf:2    | Found a huge runed gate.
 35553 | Elf:2    | Found a huge runed gate.
 35718 | Elf:2    | Gained mutation: Armour fits poorly on your strangely shaped body. [a neqoxec]
 35735 | Elf:2    | Received a gift from Okawaru
 36293 | Vaults:1 | Entered Level 1 of the Vaults
 36747 | Vaults:1 | Identified a scroll of acquirement
 37158 | Vaults:1 | Reached skill level 25 in Shields
 37211 | Vaults:1 | Reached XP level 20. HP: 207/207 MP: 25/25
 37816 | Vaults:1 | Received a gift from Okawaru
 38328 | Vaults:2 | Found Idehuji's General Store.
 38601 | Vaults:2 | Received a gift from Okawaru
 38633 | Vaults:2 | Found a staircase to the Crypt.
 38917 | Vaults:2 | Reached skill level 26 in Shields
 39096 | Vaults:2 | Received a gift from Okawaru
 39485 | Vaults:3 | Reached XP level 21. HP: 220/220 MP: 26/26
 39528 | Vaults:3 | Noticed Jory
 39548 | Vaults:3 | Killed Jory
 39865 | Vaults:3 | Noticed Jorgrun
 39878 | Vaults:3 | Killed Jorgrun
 40554 | Vaults:3 | Upgraded the game from 0.20-a0-839-gdaf5c57 to 0.20-a0-848-g73d9be0
 40662 | Vaults:4 | Noticed Margery
 40695 | Vaults:3 | Killed Margery
 40803 | Vaults:4 | Reached skill level 27 in Shields
 40849 | Vaults:4 | Received a gift from Okawaru
 41051 | Vaults:4 | Received a gift from Okawaru
 41551 | Vaults:4 | Received a gift from Okawaru
 41551 | Vaults:4 | Reached XP level 22. HP: 234/234 MP: 27/27
 41563 | Vaults:4 | Reached skill level 1 in Spellcasting
 42593 | Depths:1 | Entered Level 1 of the Depths
 42608 | Depths:1 | Received a gift from Okawaru
 42862 | Depths:1 | Found a gateway to Hell.
 43034 | Depths:1 | Found a gateway to a ziggurat.
 43526 | Depths:2 | Received a gift from Okawaru
 43786 | Depths:2 | Reached skill level 1 in Dodging
 43811 | Depths:2 | Reached skill level 5 in Spellcasting
 44681 | Depths:3 | Received a gift from Okawaru
 44717 | Depths:3 | Reached XP level 23. HP: 199/244 MP: 31/31
 44944 | Depths:3 | Found a one-way gate leading to the halls of Pandemonium.
 45274 | Depths:3 | Reached skill level 5 in Dodging
 45459 | Depths:3 | Found a corrupted altar of Lugonu.
 45460 | Depths:3 | Found a one-way gate to the infinite horrors of the Abyss.
 45909 | Depths:4 | Received a gift from Okawaru
 45989 | Depths:4 | Found Reaclis's General Store.
 46002 | Depths:4 | Bought a scroll of identify for 28 gold pieces
 46002 | Depths:4 | Bought a scroll of identify for 28 gold pieces
 46018 | Depths:4 | Got a thick robe {god gift}
 46912 | Depths:5 | Entered Level 5 of the Depths
 46999 | Depths:5 | Found Rexusiwn's Book Shoppe.
 48139 | Depths:5 | Found a gate to the Realm of Zot.
 48218 | Depths:5 | Received a gift from Okawaru
 48302 | Depths:5 | Got a transparent silver amulet
 48303 | Depths:5 | Identified the +0 robe of the Hills {Str+4 Slay+2} (Okawaru gifted it to you on level 4 of the Depths)
 48305 | Depths:5 | Identified the amulet "Melef" {Inacc +Inv rC+} (You found it on level 5 of the Depths)
 48885 | Lair:1   | Lost mutation: You are robust. (+10% HP) [potion of mutation]
 48885 | Lair:1   | Lost mutation: Armour fits poorly on your strangely shaped body. [potion of mutation]
 48885 | Lair:1   | Lost mutation: Your flesh is cold resistant. (rC+) [potion of mutation]
 48885 | Lair:1   | Gained mutation: Your flesh is cold resistant. (rC+) [potion of mutation]
 48885 | Lair:1   | Gained mutation: Scrolls take you a little longer to read. [potion of mutation]
 48885 | Lair:1   | Gained mutation: You are partially covered in thin metallic scales. (AC +2) [potion of mutation]
 49138 | Vaults:5 | Entered Level 5 of the Vaults
 49188 | Vaults:5 | Reached XP level 24. HP: 233/233 MP: 34/34
 49365 | Vaults:5 | Received a gift from Okawaru
 49603 | Vaults:5 | Received a gift from Okawaru
 49637 | Vaults:5 | Noticed an ancient lich
 49655 | Vaults:5 | Killed an ancient lich
 49676 | Vaults:5 | Got an ichor-stained executioner's axe {drain}
 49696 | Vaults:5 | Reached skill level 10 in Spellcasting
 49774 | Vaults:5 | Reached skill level 10 in Dodging
 50212 | Vaults:5 | Noticed an ancient lich
 50219 | Vaults:5 | Killed an ancient lich
 50219 | Vaults:5 | Received a gift from Okawaru
 50267 | Vaults:5 | Reached XP level 25. HP: 243/243 MP: 36/36
 50345 | Vaults:5 | Found Tuwkapn's Jewellery Boutique.
 50388 | Vaults:5 | Found Vieddiuth's Jewellery Emporium.
 50592 | Vaults:5 | Found Ficwasei's General Store.
 50600 | Vaults:5 | Bought a scroll of identify for 34 gold pieces
 50659 | Vaults:5 | Got a silver rune of Zot
 51195 | Lair:1   | Identified the +4 executioner's axe of Subterfuge {drain, rPois rF+ rC+ MP+9} (You took it off a vault sentinel on level 5 of the Vaults)
 51211 | Lair:1   | Learned a level 1 spell: Apportation
 51214 | Lair:1   | Learned a level 2 spell: Blink
 51219 | Lair:1   | Learned a level 4 spell: Passage of Golubria
 51222 | Lair:1   | Learned a level 2 spell: Passwall
 51228 | Lair:1   | Learned a level 5 spell: Aura of Abjuration
 51236 | Lair:1   | Learned a level 7 spell: Orb of Destruction
 51347 | Elf:3    | Entered Level 3 of the Elven Halls
 51515 | Elf:3    | Noticed Saint Roka
 51539 | Elf:3    | Killed Saint Roka
 51546 | Elf:3    | Received a gift from Okawaru
 51667 | Elf:3    | Noticed Asterion
 51671 | Elf:3    | Reached skill level 1 in Summonings
 51693 | Elf:3    | Killed Asterion
 51776 | Elf:3    | Reached skill level 1 in Translocations
 51813 | Elf:3    | Received a gift from Okawaru
 51898 | Elf:3    | Noticed Bai Suzhen
 51945 | Elf:3    | Killed Bai Suzhen
 52984 | Depths:1 | Received a gift from Okawaru
 52987 | Depths:1 | Got an encrusted hat {god gift}
 52998 | Depths:1 | Identified the +2 hat of the Heavens {rElec Str+3 Dex-4} (Okawaru gifted it to you on level 1 of the Depths)
 53340 | Lair:5   | Found a staircase to the Slime Pits.
 53601 | Temple   | Fell from the grace of Okawaru
 53601 | Temple   | Became a worshipper of the Shining One
 53961 | Crypt:1  | Entered Level 1 of the Crypt
 54038 | Crypt:1  | Reached * piety under the Shining One
 54209 | Crypt:1  | Reached ** piety under the Shining One
 54487 | Crypt:1  | Reached *** piety under the Shining One
 54491 | Crypt:1  | Reached skill level 5 in Summonings
 55026 | Crypt:2  | Reached **** piety under the Shining One
 55238 | Crypt:2  | Found a magical portal.
 55241 | WizLab   | Entered Cigotuvi's Fleshworks
 55251 | WizLab   | Reached ***** piety under the Shining One
 55639 | WizLab   | Reached XP level 26. HP: 151/254 MP: 37/37
 55778 | WizLab   | Identified Cigotuvi's Tome of Moulding and Evil Rites
 55781 | WizLab   | Identified the Almanac of Changing
 56000 | WizLab   | Paralysed by a floating eye for 2 turns
 57034 | Crypt:2  | Noticed Xtahua
 57052 | Crypt:2  | Killed Xtahua
 57183 | Crypt:3  | Entered Level 3 of the Crypt
 57183 | Crypt:3  | Reached ****** piety under the Shining One
 57192 | Crypt:3  | Identified a +9 eudemon blade of holy wrath (a +9 demon blade of electrocution blessed by the Shining One)
 57192 | Crypt:3  | Received a gift from the Shining One
 57479 | Crypt:3  | Noticed an ancient lich
 57480 | Crypt:3  | Found an ancient bone altar of Kikubaaqudgha.
 57485 | Crypt:3  | Killed an ancient lich
 57690 | Crypt:3  | Identified the Almanac of Stolen Souls
 57961 | Crypt:3  | Found a staircase to the Tomb.
 58281 | Vaults:5 | Bought the ring of Neurosis {rF+ SInv Stlth+} for 819 gold pieces
 58761 | Hell     | Entered the Vestibule of Hell
 58761 | Hell     | Noticed Geryon
 58829 | Hell     | Killed Geryon
 58847 | Hell     | Found a gateway to the ashen valley of Gehenna.
 58932 | Hell     | Found a gateway to the decaying netherworld of Tartarus.
 59090 | Hell     | Found a gateway to the freezing wastes of Cocytus.
 59166 | Hell     | Found a gateway to the Iron City of Dis.
 59170 | Hell     | Reached skill level 10 in Invocations
 59469 | Depths:3 | Voluntarily entered the Abyss.
 59555 | Abyss:1  | Got a bronze plate armour
 59558 | Abyss:1  | Identified the +5 plate armour of the Orb {rC+ MR- Int+4} (You found it on level 1 of the Abyss)
 59570 | Abyss:1  | Found a corrupted altar of Lugonu.
 59636 | Abyss:1  | Paralysed by accursed screaming for 2 turns
 59639 | Abyss:1  | Paralysed by accursed screaming for 2 turns
 59663 | Abyss:1  | Paralysed by accursed screaming for 1 turns
 59669 | Abyss:1  | Paralysed by accursed screaming for 1 turns
 59728 | Abyss:1  | Found a corrupted altar of Lugonu.
 59776 | Abyss:1  | Reached XP level 27. HP: 115/264 MP: 37/37
 59827 | Depths:3 | Escaped the Abyss
 60053 | Depths:3 | Voluntarily entered the Abyss.
 60251 | Abyss:1  | Reached skill level 10 in Summonings
 60430 | Abyss:1  | Paralysed by accursed screaming for 1 turns
 60489 | Abyss:1  | Found a deep blue altar of Sif Muna.
 61067 | Abyss:3  | Was forgiven by Okawaru
 61150 | Abyss:3  | Found an opulent altar of Gozag.
 61274 | Abyss:3  | Gained mutation: Armour fits poorly on your strangely shaped body. [a neqoxec]
 61414 | Abyss:3  | Got an abyssal rune of Zot
 61511 | Abyss:3  | Paralysed by accursed screaming for 1 turns
 61646 | Depths:3 | Escaped the Abyss
 61658 | Depths:3 | Lost mutation: Your flesh is cold resistant. (rC+) [potion of mutation]
 61658 | Depths:3 | Lost mutation: You are partially covered in large bone plates. (SH +4) [potion of mutation]
 61658 | Depths:3 | Lost mutation: Armour fits poorly on your strangely shaped body. [potion of mutation]
 61658 | Depths:3 | Lost mutation: You are partially covered in thin metallic scales. (AC +2) [potion of mutation]
 61658 | Depths:3 | Lost mutation: You are agile. (Dex +2) [potion of mutation]
 61658 | Depths:3 | Lost mutation: Scrolls take you a little longer to read. [potion of mutation]
 61662 | Depths:3 | Upgraded the game from 0.20-a0-848-g73d9be0 to 0.20-a0-850-ge5a7832
 62159 | Slime:1  | Entered Level 1 of the Pits of Slime
 62203 | Lair:5   | Reached skill level 1 in Conjurations
 62217 | Slime:1  | Gained mutation: You are occasionally teleported next to monsters. [a shining eye]
 62281 | Lair:5   | Lost mutation: You are occasionally teleported next to monsters. [potion of mutation]
 62526 | Slime:3  | Noticed Dissolution
 62539 | Slime:2  | Killed Dissolution
 62798 | Slime:3  | Gained mutation: Your system is resistant to poisons. (rPois) [a shining eye]
 62995 | Slime:5  | Entered Level 5 of the Pits of Slime
 63011 | Slime:5  | Gained mutation: You tend to lose your temper in combat. [a shining eye]
 63261 | Slime:5  | Gained mutation: You are partially covered in molten scales. (AC +2) [a shining eye]
 63319 | Slime:5  | Found a viscous altar of Jiyva.
 63375 | Slime:5  | Noticed the Royal Jelly
 63396 | Slime:5  | Killed the Royal Jelly
 63396 | Slime:5  | Reached skill level 5 in Conjurations
 63495 | Slime:5  | Got a slimy rune of Zot
 63799 | Lair:1   | Learned a level 2 spell: Song of Slaying
 64067 | Dis:1    | Entered Level 1 of the Iron City of Dis
 64238 | Dis:2    | Lost mutation: Your system is resistant to poisons. (rPois) [potion of mutation]
 64238 | Dis:2    | Lost mutation: You tend to lose your temper in combat. [potion of mutation]
 64238 | Dis:2    | Lost mutation: You are partially covered in molten scales. (AC +2) [potion of mutation]
 64238 | Dis:2    | Gained mutation: You have large cloven feet. [potion of mutation]
 64278 | Dis:2    | Reached skill level 15 in Dodging
 64595 | Dis:7    | Entered Level 7 of the Iron City of Dis
 65474 | Dis:7    | Identified the Grimoire of Arcane Weapons
 65762 | Dis:7    | Gained mutation: Your body sometimes deteriorates upon taking damage. [a cacodemon]
 65766 | Dis:7    | Gained mutation: You are partially covered in iridescent scales. (AC +2) [a cacodemon]
 66357 | Dis:7    | Noticed the Serpent of Hell
 66407 | Dis:7    | Killed the Serpent of Hell
 66705 | Dis:7    | Noticed Dispater
 66722 | Dis:7    | Killed Dispater
 66764 | Dis:7    | Got an iron rune of Zot
 66771 | Dis:7    | Got a pair of jewelled boots
 66772 | Dis:7    | Identified the +0 pair of boots "Loq Zeetz" {Regen+ Str+2 Stlth+} (You found it on level 7 of the Iron City of Dis)
 66967 | Tar:1    | Entered Level 1 of Tartarus
 67415 | Tar:5    | Reached skill level 10 in Conjurations
 67619 | Tar:7    | Entered Level 7 of Tartarus
 67915 | Tar:7    | Noticed an ancient lich
 67962 | Tar:7    | Killed an ancient lich
 68367 | Tar:7    | Noticed Ereshkigal
 68379 | Tar:7    | Killed Ereshkigal
 68407 | Tar:7    | Got a bone rune of Zot
 68543 | Geh:1    | Entered Level 1 of Gehenna
 69195 | Geh:7    | Entered Level 7 of Gehenna
 69348 | Geh:7    | Noticed Laphicet's ghost (legendary FoFi)
 69390 | Geh:7    | Reached skill level 5 in Translocations
 69410 | Geh:7    | Killed Laphicet's ghost
 69908 | Geh:7    | Killed from afar by a hellion

Vault maps used:
D:1:      matt_arrival_spirals, minmay_bisected
D:2:      uniq_jessica, uniq_natasha
D:3:      portal_sewer_entry_d, serial_undead, serial_undead_a, serial_undead_d,
          serial_undead_c, serial_undead_b, serial_undead_d, serial_undead_b,
          serial_undead_d
D:5:      first_bread
D:6:      lemuel_slime
D:7:      lemuel_doored_altar, minmay_temple_entry_purple_smoke
D:8:      the_bakery, roderic_lattice_a, uniq_erica
D:9:      lair_entry_dummy
D:10:     david_orc_3
D:11:     serial_co_window_serial, co_window_of_opportunity_a,
          co_window_paths_b, co_window_paths_b, co_window_paths_a,
          co_window_corner_a, co_window_cross_4, co_window_paths_c,
          co_window_unsneaky_path_d, co_window_unsneaky_path_d,
          co_window_corner_b, co_window_paths_c, co_window_2corner,
          glass_columns_a, glass_columns_a, nicolae_qazlal_eye_of_the_storm
D:12:     minmay_box_of_statues, hangedman_abyss_or_decor_clamps
D:13:     david_vaults_2, serial_shops, kennysheep_mini
D:14:     nooodl_glass_maze, serial_bayou_lagoon_a, serial_shops, shop,
          nemelex_diamond_rough_becter
D:15:     hangedman_depths_entry_try_elsewhere_first, roderic_malta_cross
Temple:   minmay_crystal_snake_temple
Lair:1:   lab_entry_generic, serial_bayou_pond_e
Lair:2:   minmay_shoals_entry_lonely_mermaid,
          minmay_snake_entry_guardpost_medium, special_room, uniq_harold
Lair:3:   minmay_stone_trees_small, roderic_batcave, serial_bayou_shore_a
Lair:4:   dpeg_oklob_gauntlet, infiniplex_staircase_pool_2
Lair:5:   minmay_slime_entry_oklob_enclosed
Lair:6:   grunt_lair_end_beastmaster, infiniplex_staircase_pool
Shoals:1: uniq_louise
Shoals:2: serial_shops, nicolae_shop_overgrown_old_shop, shop, shop,
          nicolae_shop_temple_entry_statues_fountains, ldierk_geyser,
          uniq_polyphemus
Shoals:3: centaur_isle
Shoals:4: shoals_end_simple, shoals_ilsuiw_ice, hangedman_shoals_cup_caves
Snake:1:  portal_ice_cave_entry_pillars_four
Snake:2:  hangedman_snake_pattern, grunt_ministairs_1, uniq_aizul
Snake:4:  snake_pit
Slime:1:  basic_altar
Slime:3:  uniq_dissolution
Orc:1:    minmay_orc_temple_b
Orc:2:    grunt_orc_cross, serial_shops, nicolae_shop_window_shopping,
          hangedman_minor_magic
Elf:1:    minmay_elf_arrival_summoners, serial_shops, shop,
          minmay_elf_demonology
Elf:3:    minmay_elf_hall_quartered_circle, minmay_misc_feat_five,
          grunt_megastairs_2, uniq_bai_suzhen, uniq_saint_roka, uniq_asterion
Vaults:1: v_misc_9, v_misc_12, nicolae_vaults_ring_of_whatevers,
          nicolae_vaults_border_crossing, ontoclasm_vaults_twist,
          vaults_dpeg_hooks, ontoclasm_vaults_shuriken
Vaults:2: v_misc_5, minmay_crypt_entry_simple_statues,
          nicolae_vaults_what_the_h, nicolae_vaults_big_angled_halls,
          nicolae_vaults_specimen_jars, hangedman_vaults_hat, st_smaller_cells,
          dpeg_vaults_monster_row, ontoclasm_vaults_gateway, serial_shops, shop
Vaults:3: hangedman_vaults_nodes, v_misc_14, nicolae_vaults_three_branches,
          vaults_mumra_minichess, v_rooms_1, v_misc_14, grunt_vaults_diagonal,
          v_misc_23, nicolae_vaults_theta, nicolae_vaults_shelves_hall,
          vaults_standard_mumra_x, vaults_dpeg_diagonal, uniq_jory, uniq_jorgrun
Vaults:4: v_pattern_1, vaults_room_pool, nicolae_vaults_asterisk,
          nicolae_vaults_twisting_passages, v_misc_3, v_misc_2, v_misc_22,
          vaults_room_pools, nicolae_vaults_little_squares_1, v_misc_3,
          nicolae_vaults_little_squares_5,
          nicolae_vaults_windows_and_doors_thing, uniq_margery
Crypt:2:  mu_enter_wizlab_7, uniq_xtahua
Crypt:3:  cryptofortress_bobbens
Depths:1: enter_ziggurat_c, pf_hell_entry_great_geh, hangedman_decor_push,
          grunt_ministairs_10, evilmike_minifort
Depths:2: minmay_eyes, hell_entry, bh_walls_and_bars, minmay_misc_feat_diagonals
Depths:3: kennysheep_six_static_rooms, rand_demon_pan_entry_7,
          pf_hell_entry_tar_river, abyss_entry_flame_altar,
          minmay_splitting_lines, st_stairs_5
Depths:4: kennysheep_spiral_hall, hell_entry, nicolae_water_bricks,
          serial_shops, nicolae_shop_statue_plus, grunt_pan_entry_zigzag,
          nicolae_abyss_entry_one_way_or_another, firewood_loft
Depths:5: evilmike_zot_entry_gauntlet, marbit_kobold_abyss_entry, hell_entry,
          serial_shops, shop
Dis:7:    dis_st
Geh:1:    gehenna_fire_generator
Geh:2:    hangedman_hellfire_club
Geh:7:    geh_old
Tar:2:    nicolae_tar_cuneiform_bread
Tar:6:    nicolae_tar_cuneiform_bread, door_vault
Tar:7:    tar_old
Abyss:1:  lemuel_firewalk_3
Abyss:3:  minivault_19
Lab:      labyrinth_skeletal_remains, nicolae_lab_flowing_pool
Sewer:    sewer_fruit_machine
IceCv:    ice_cave_caverns_02
WizLab:   wizlab_cigotuvi

Skill      XL: |  1  2  3  4  5  6  7  8  9 10 11 12 13 14 15 16 17 18 19 20 21 22 23 24 25 26 27 |
---------------+----------------------------------------------------------------------------------+-----
Long Blades    | 3 4 5 6 7 9 11 12 13 14 15 16 18 | 18.1
Shields        | 6 8 10 12 14 16 18 19 21 22 23 25 26 27 | 27.0
Fighting       | 5 7 8 9 11 12 13 14 15 16 17 18 19 21 22 23 24 26 | 26.9
Armour         | 5 6 8 9 10 12 13 14 15 16 17 18 19 21 22 23 24 25 | 25.1
Invocations    | 1 4 6 8 10 11 | 11.1
Evocations     | 3 5 7 |  7.3
Spellcasting   | 6 8 10 11 | 11.5
Dodging        | 3 8 10 12 13 18 | 18.0
Summonings     | 6 9 14 | 14.6
Translocations | 2 5 |  5.5
Conjurations   | 12 | 12.3

Action                   |  1- 3 |  4- 6 |  7- 9 | 10-12 | 13-15 | 16-18 | 19-21 | 22-24 | 25-27 || total
-------------------------+-------+-------+-------+-------+-------+-------+-------+-------+-------++-------
Melee: Long sword        |    53 |   242 |   232 |       |       |       |       |       |       ||   527
       Headbutt          |    12 |    45 |    55 |    99 |   334 |   399 |   550 |   755 |  1460 ||  3709
       Scimitar          |       |       |    57 |   445 |  1312 |   166 |       |       |   766 ||  2746
       Falchion          |       |       |       |       |     8 |       |       |       |       ||     8
       Demon blade       |       |       |       |       |       |  1311 |  1788 |  2126 |   428 ||  5653
       Eudemon blade     |       |       |       |       |       |       |       |       |  3373 ||  3373
 Cast: Blink             |       |       |       |       |       |       |       |       |     6 ||     6
       Aura of Abjuratio |       |       |       |       |       |       |       |       |     3 ||     3
       Apportation       |       |       |       |       |       |       |       |       |     1 ||     1
Invok: Heroism           |       |       |     1 |     8 |    10 |     6 |     5 |     5 |     3 ||    38
       Finesse           |       |       |       |       |     2 |       |     3 |     1 |     1 ||     7
       Divine Shield     |       |       |       |       |       |       |       |       |    13 ||    13
       Cleansing Flame   |       |       |       |       |       |       |       |       |    31 ||    31
       Brand Weapon With |       |       |       |       |       |       |       |       |     1 ||     1
       Summon Divine War |       |       |       |       |       |       |       |       |     6 ||     6
Evoke: Wand              |       |       |       |     2 |       |     1 |       |     8 |    11 ||    22
       Lamp of fire      |       |       |       |       |       |       |       |     1 |       ||     1
  Use: Potion            |     1 |     1 |     6 |     4 |     4 |     4 |     1 |     1 |    18 ||    40
       Scroll            |       |    10 |     8 |     8 |    11 |     9 |     8 |     9 |    24 ||    87
 Stab: Petrified         |       |       |       |       |    11 |       |       |       |       ||    11
       Petrifying        |       |       |       |       |     4 |       |       |       |       ||     4
       Fleeing           |       |       |       |       |     1 |       |       |       |       ||     1
       Invisible         |       |       |       |       |       |     2 |       |       |       ||     2
       Distracted        |       |       |       |       |       |       |     1 |       |       ||     1
  Eat: Chunk             |       |     8 |     6 |     9 |    25 |     9 |    17 |    16 |    15 ||   105
       Royal jelly       |       |     1 |     1 |       |       |       |       |     7 |    18 ||    27
       Bread ration      |       |       |       |     4 |     2 |     4 |     2 |       |     6 ||    18
       Meat ration       |       |       |       |       |     1 |     2 |       |       |       ||     3
Armor: Scale mail        |    23 |    29 |       |       |       |       |       |       |       ||    52
       Chain mail        |       |   111 |    69 |   111 |   129 |       |       |       |       ||   420
       Plate armour      |       |       |       |       |   155 |   310 |   199 |   425 |       ||  1089
       Gold dragon scale |       |       |       |       |       |       |       |    12 |   811 ||   823
Dodge: Dodged            |    13 |    50 |    34 |    83 |   145 |   171 |    94 |   260 |   539 ||  1389
Block: Shield            |    30 |   151 |   191 |   367 |   784 |       |       |       |       ||  1523
       Reflection        |       |       |     7 |     9 |    75 |   322 |   115 |   108 |   153 ||   789
       Large shield      |       |       |       |       |   333 |  2207 |  1631 |  2683 |  5253 || 12107
       Rpst.: Long sword |     2 |    16 |     8 |       |       |       |       |       |       ||    26
       Scimitar          |       |       |     2 |    15 |    26 |     5 |       |       |    12 ||    60
       Demon blade       |       |       |       |       |       |    11 |    19 |    30 |     4 ||    64
       Eudemon blade     |       |       |       |       |       |       |       |       |    65 ||    65
